 Dungeon Crawl Stone Soup version 0.24-a0-411-g4df2b1290f (webtiles) character file.

Game seed: 2013393965274455799

4398 Gynju the Spear-Bearer (level 10, -2/93 HPs)
             Began as a Minotaur Fighter on June 6, 2019.
             Was an Elder of the Shining One.
             Slain by a two-headed ogre
             ... wielding a +0 giant club
              (10 damage)
             ... on level 7 of the Dungeon.
             The game lasted 00:29:18 (8948 turns).

Gynju the Spear-Bearer (Minotaur Fighter)           Turns: 8948, Time: 00:29:19

Health: -2/93      AC: 15    Str: 22    XL:     10   Next: 13%
Magic:  9/9        EV:  6    Int:  5    God:    the Shining One [****..]
Gold:   436        SH:  0    Dex: 16    Spells: 9/9 levels left

rFire    . . .     SeeInvis +   h - +6 glaive of the Wasp {elec, +Blink Dex+4 SInv}
rCold    . . .     Gourm    .   (shield currently unavailable)
rNeg     + + .     Faith    .   a - +0 plate armour
rPois    .         Spirit   .   (helmet restricted)
rElec    .         Reflect  .   F - +0 cloak
rCorr    .         Harm     .   (no gloves)
MR       .....                  K - +1 pair of boots
Stlth    ..........             (no amulet)
HPRegen  0.25/turn              C - ring of see invisible
MPRegen  0.11/turn              (no ring)

@: confused, glowing
A: retaliatory headbutt, horns 2
a: Divine Shield, Cleansing Flame, Renounce Religion, Evoke Blink


You were on level 7 of the Dungeon.
You worshipped the Shining One.
The Shining One was greatly pleased with you.
You were hungry.

You visited 2 branches of the dungeon, and saw 9 of its levels.
You also visited: Ossuary.

You collected 436 gold pieces.

Inventory:

Hand Weapons
 h - the +6 glaive of the Wasp (weapon) {elec, +Blink Dex+4 SInv}
   (You acquired it in the Ecumenical Temple)

   Occasionally, upon striking a foe, it will discharge some electrical energy
   and cause terrible harm.
   It affects your dexterity (+4).
   It lets you see invisible.
   It lets you blink.
Armour
 a - a +0 plate armour (worn)
 F - a +0 cloak (worn)
 K - a +1 pair of boots (worn)
Jewellery
 C - a ring of see invisible (left hand)
Scrolls
 c - a scroll of identify
 e - 2 scrolls of blinking
 j - 7 scrolls of remove curse
 k - 8 scrolls of teleportation
 r - 2 scrolls of fear
 s - 3 scrolls of magic mapping
Potions
 b - 4 potions of brilliance
 d - 4 potions of might
 g - 2 potions of haste {unknown}
 l - 5 potions of heal wounds
 n - 2 potions of curing
 o - 3 potions of flight
 p - a potion of magic {unknown}
 t - a potion of agility
 v - 2 potions of lignification {unknown}
 x - a potion of cancellation {unknown}
 z - 2 potions of invisibility {unknown}
 B - a potion of mutation {unknown}
 G - a potion of berserk rage
Comestibles
 f - 14 rations


   Skills:
 - Level 10.0 Fighting
 * Level 14.3 Polearms
 + Level 4.2 Armour
   Level 3.6 Shields


You had 9 spell levels left.
You didn't know any spells.
Your spell library was empty.

Dungeon Overview and Level Annotations

Branches:
Dungeon (8/15)             Temple (1/1) D:7
   Lair: D:8-11

Altars:
Ashenzari
Cheibriados
Dithmenos
Elyvilon
Fedhas
Gozag
Hepliaklqana
Kikubaaqudgha
Makhleb
Nemelex Xobeh
Okawaru
Qazlal
Ru
Sif Muna
Trog
Uskayaw
Vehumet
Wu Jian
Xom
Yredelemnul
Zin
The Shining One

Shops:
D:7 =


Innate Abilities, Weirdness & Mutations

You reflexively headbutt those who attack you in melee.
You have a pair of horns on your head.


Message History

You headbutt the two-headed ogre!
The two-headed ogre is moderately wounded.
The two-headed ogre barely misses you.
The two-headed ogre hits you with a +0 giant club!
The two-headed ogre hits you but does no damage. x2
You hit the orc wizard.
Lightning courses through the orc wizard!!
You kill the orc wizard!
The two-headed ogre hits you with a +0 giant club!
* * * LOW HITPOINT WARNING * * *
The two-headed ogre hits you with a +0 giant club!
* * * LOW HITPOINT WARNING * * *
There is a stone staircase leading up, spattered with blood here.
You slice the two-headed ogre!!
Lightning courses through the two-headed ogre!
You headbutt the two-headed ogre.
The two-headed ogre is severely wounded.
The two-headed ogre hits you but does no damage.
The two-headed ogre hits you with a +0 giant club!
You die...

........####.#........##.# ###.#
........# #.#.#...##.##.# #.#
........# #.#.#...##.##.# #)#
........####.#)#...#..##.######.#
.............#.#.................
...########...........##.########
..............................# #
.........###...#O).#...#.###.## #
.#####.### #...#@..#...#.# #.# #
.# ###.#####...#...#...#####.# #
.# #...........#...#.........# #
.# #...............#...##########
.# #...............#.......(.....
.# #...............#...##########
.# #...............#...##########
.# #...........#...#........[....
.# ##...................#####(###


You could see a two-headed ogre.

Vanquished Creatures
  Pikel (D:6)
  Prince Ribbit (D:8)
  3 hippogriffs
  Sigmund (D:5)
  Eustachio (D:6)
  A hungry ghost (D:6)
  Menkaure (D:6)
  A black bear (D:8)
  2 orc warriors (D:7)
  3 sky beasts
  2 phantoms
  A centaur (D:5)
  A bullfrog (D:6)
  8 scorpions
  6 killer bees
  A jelly (D:5)
  3 howler monkeys (D:7)
  4 crimson imps
  A bullfrog zombie (D:7)
  4 hounds
  2 centaur zombies (Ossuary)
  2 human zombies (Ossuary)
  3 orc priests
  3 orc wizards
  2 centaur skeletons (D:6)
  4 worker ants
  A killer bee zombie (D:7)
  A big kobold zombie (Ossuary)
  2 hound skeletons
  3 mummies (Ossuary)
  A scorpion zombie (Ossuary)
  13 adders
  A shadow imp (D:6)
  An ooze (D:3)
  2 worms
  A dart slug (D:3)
  4 leopard geckos
  29 orcs
  6 bats
  4 giant cockroaches
  4 gnoll zombies (Ossuary)
  3 goblins
  5 hobgoblins
  7 quokkas
  2 ball pythons
  6 frilled lizards
  A goblin zombie (Ossuary)
  2 hobgoblin zombies (Ossuary)
  A jackal zombie (D:4)
  5 kobolds
  2 kobold zombies (Ossuary)
  2 leopard gecko zombies (D:7)
  An orc zombie (Ossuary)
  A quokka skeleton (D:4)
  6 rats
179 creatures vanquished.

Vanquished Creatures (others)
  A hobgoblin zombie (Ossuary)
1 creature vanquished.

Grand Total: 180 creatures vanquished

Notes
Turn   | Place    | Note
-------+----------+-------------------------------------------
     0 | D:1      | Gynju the Minotaur Fighter began the quest for the Orb.
     0 | D:1      | Reached XP level 1. HP: 19/19 MP: 0/0
   513 | D:1      | Reached skill level 3 in Polearms
   744 | D:2      | Reached XP level 2. HP: 26/26 MP: 1/1
   897 | D:2      | Reached skill level 4 in Polearms
   900 | D:2      | Reached XP level 3. HP: 18/33 MP: 2/2
  1770 | D:3      | Reached XP level 4. HP: 40/40 MP: 3/3
  1832 | D:3      | Reached skill level 5 in Polearms
  2046 | D:3      | Found a sacrificial altar of Ru.
  2167 | D:3      | Found a faded altar of an unknown god.
  2172 | D:3      | Became a worshipper of Sif Muna the Loreminder
  2172 | D:3      | Reached * piety under Sif Muna
  2334 | D:3      | Found a shadowy altar of Dithmenos.
  2335 | D:3      | Found a glowing golden altar of the Shining One.
  2341 | D:3      | Found a hide-covered altar of Uskayaw.
  2344 | D:3      | Found a shimmering altar of Xom.
  2345 | D:3      | Found a glowing silver altar of Zin.
  2345 | D:3      | Found a sparkling altar of Nemelex Xobeh.
  2345 | D:3      | Found a basalt altar of Yredelemnul.
  2345 | D:3      | Found a bloodstained altar of Trog.
  2347 | D:3      | Found an ornate altar of the Wu Jian Council.
  2348 | D:3      | Found an ancient bone altar of Kikubaaqudgha.
  2359 | D:3      | Fell from the grace of Sif Muna
  2359 | D:3      | Became a worshipper of the Shining One
  2814 | D:4      | Found a sand-covered staircase.
  2826 | Ossuary  | Entered an ossuary
  2936 | Ossuary  | Reached XP level 5. HP: 37/47 MP: 4/4
  2943 | Ossuary  | Reached skill level 5 in Fighting
  2943 | Ossuary  | Reached skill level 6 in Polearms
  3242 | Ossuary  | Reached XP level 6. HP: 37/56 MP: 5/5
  3392 | Ossuary  | Reached * piety under the Shining One
  3432 | Ossuary  | Reached skill level 7 in Polearms
  3846 | Ossuary  | Reached ** piety under the Shining One
  3917 | Ossuary  | Reached skill level 8 in Polearms
  3917 | Ossuary  | Reached XP level 7. HP: 43/63 MP: 6/6
  4815 | D:5      | Entered Level 5 of the Dungeon
  4850 | D:5      | Noticed Sigmund
  4859 | D:5      | Killed Sigmund
  4897 | D:5      | Reached skill level 9 in Polearms
  5351 | D:5      | Reached XP level 8. HP: 39/73 MP: 1/7
  5879 | D:6      | Found a burning altar of Makhleb.
  5880 | D:6      | Found a radiant altar of Vehumet.
  5882 | D:6      | Reached skill level 10 in Polearms
  5926 | D:6      | Noticed Menkaure
  6106 | D:6      | Killed Menkaure
  6176 | D:6      | Noticed Eustachio
  6199 | D:6      | Noticed Pikel
  6204 | D:6      | Killed Eustachio
  6204 | D:6      | Reached skill level 11 in Polearms
  6208 | D:6      | Killed Pikel
  6208 | D:6      | Reached XP level 9. HP: 46/82 MP: 8/8
  6427 | D:6      | Reached *** piety under the Shining One
  6466 | D:6      | Reached skill level 12 in Polearms
  6843 | D:7      | Got an ichor-stained mace
  6844 | D:7      | Identified the +10 mace "Ruamugaewn" {freeze, Int+3} (You
                  | found it on level 7 of the Dungeon)
  6907 | D:7      | Found a glowing golden altar of the Shining One.
  7071 | D:7      | Found a staircase to the Ecumenical Temple.
  7266 | D:7      | Found Ymulukku's Jewellery Shop.
  7276 | D:7      | Reached skill level 13 in Polearms
  7283 | D:7      | Reached skill level 10 in Fighting
  7751 | D:8      | Reached **** piety under the Shining One
  7769 | D:8      | Noticed Prince Ribbit
  7779 | D:8      | Killed Prince Ribbit
  7779 | D:8      | Reached skill level 14 in Polearms
  7779 | D:8      | Reached XP level 10. HP: 76/93 MP: 9/9
  7830 | D:8      | Noticed a two-headed ogre
  7875 | Temple   | Entered the Ecumenical Temple
  7966 | Temple   | Identified a scroll of acquirement
  7967 | Temple   | Got a pitted glaive
  7968 | Temple   | Identified the +6 glaive of the Wasp {elec, +Blink Dex+4
                  | SInv} (You acquired it in the Ecumenical Temple)
  8408 | D:7      | Was forgiven by Sif Muna
  8948 | D:7      | Slain by a two-headed ogre

Levels and vault maps discovered:
D:1:      onia_arrival_mini_maze, layout_basic
D:2:      layout_basic, grunt_ministairs_2
D:3:      layout_rooms, minitemple, hangedman_ru_absence,
          chequers_ecumenical_altar_grove, kennysheep_pointless_box
D:4:      layout_basic, first_ration, enter_ossuary_3
D:5:      layout_loops_corners, chequers_serial_rivers_micro_c, uniq_sigmund
D:6:      layout_rooms, grunt_temple_overflow_lords_of_destruction, uniq_pikel,
          uniq_menkaure, uniq_eustachio
D:7:      layout_basic, minmay_temple_entry_proselytizer, serial_shops, shop,
          tso_metal_star
D:8:      layout_loops_ring, uniq_prince_ribbit1
Temple:   dpeg_three_leaves_temple

Skill      XL: |  1  2  3  4  5  6  7  8  9 10 |
---------------+-------------------------------+-----
Polearms       | 3 4 5 6 8 9 11 14 | 14.3
Fighting       | 4 5 6 7 8 10 | 10.0
Armour         | 4 |  4.2
Shields        | |  3.6

Action                   |  1- 3 |  4- 6 |  7- 9 | 10-12 || total
-------------------------+-------+-------+-------+-------++-------
Melee: Trident           |   100 |   156 |    28 |       ||   284
       Headbutt          |    13 |    30 |    32 |     3 ||    78
       Scythe            |       |       |   192 |       ||   192
       Glaive            |       |       |       |    20 ||    20
Invok: Divine Shield     |       |       |     1 |       ||     1
 Abil: Evoke Blink       |       |       |       |     1 ||     1
  Use: Scroll            |       |     5 |     4 |    12 ||    21
       Potion            |       |       |       |     1 ||     1
  Eat: Chunk             |     3 |     3 |     7 |       ||    13
       Ration            |       |     1 |     2 |     1 ||     4
Armor: Scale mail        |    30 |    38 |     5 |       ||    73
       Plate armour      |       |       |   190 |    42 ||   232
Dodge: Dodged            |    42 |    54 |    97 |    18 ||   211
Block: Shield            |     1 |       |       |       ||     1
       Other             |       |       |     1 |       ||     1

Table legend:
 A = Non-vault XP
 B = Vault XP
 C = Vault XP percentage of total XP
 D = Non-vault monster count
 E = Vault monster count
 F = Vault count percentage of total count
                 A         B        C        D         E       F
            +---------+---------+-------+---------+---------+-------
      Total |    4109 |    2174 |  34.6 |     145 |      33 |  18.5
            +---------+---------+-------+---------+---------+-------
        D:1 |       9 |       0 |   0.0 |       7 |       0 |   0.0
        D:2 |      73 |       2 |   2.7 |      15 |       2 |  11.8
        D:3 |      89 |       0 |   0.0 |      25 |       0 |   0.0
        D:4 |     130 |       1 |   0.8 |      17 |       1 |   5.6
        D:5 |     524 |     223 |  29.9 |      18 |       1 |   5.3
        D:6 |     711 |    1038 |  59.3 |      18 |       4 |  18.2
        D:7 |    1551 |      43 |   2.7 |      32 |       1 |   3.0
        D:8 |    1022 |     264 |  20.5 |      13 |       1 |   7.1
    Ossuary |       0 |     603 | 100.0 |       0 |      23 | 100.0
            +---------+---------+-------+---------+---------+-------
